Map: Terraform LE (Void)

Players

Lightbringer

  • Race: Terran Terran
  • League: Grandmaster

wabbajack - Winner!

  • Race: Zerg Zerg
  • League: Gold

VOD

Have the link to the VOD?

Description

Time

  • Played on: July 19, 2015, 1:10 p.m.
  • Length: 14:46
Show
View Real Time Build Order
Export as new Build Order

Lightbringer Terran 

Build Orders: 1/1/1, Mech, Banshee Rush 

Get SALT Encoding   

  12  0:01  SCV  
  13  0:13  SCV  
  14  0:18  Supply Depot  
  14  0:26  SCV  
  15  0:32  Refinery  
  15  0:43  Barracks  
  15  0:46  SCV  
  16  0:54  Supply Depot  
  16  1:00  SCV  
  17  1:12  SCV  
  18  1:24  SCV  
  19  1:31  Refinery, Marine  
  20  1:36  Factory  
  20  1:43  Orbital Command  
  20  1:48  Marine  
  21  2:03  Barracks  
  21  2:08  SCV  
  21  2:09  Marine  
  23  2:22  Starport  
  23  2:31  Starport  
  23  2:34  SCV  
  23  2:36  Factory Tech Lab  
  24  2:40  Marine  
  25  2:47  Supply Depot  
  25  2:51  SCV  
  26  2:54  Marine  
  27  3:03  Factory Tech Lab  
  27  3:05  SCV  
  28  3:14  Cloaking Field  
  28  3:25  SCV  
  29  3:28  Banshee x2  
  35  3:35  Factory Tech Lab  
  35  3:36  Engineering Bay  
  35  3:44  SCV  
  36  3:51  Supply Depot  
  36  3:52  Marine  
  36  3:53  Marine  
  38  3:59  Bunker  
  38  4:05  Supply Depot  
  39  4:17  Siege Tank  
  41  4:26  Command Center  
  34  4:57  SCV  
  20  5:09  SCV  
  21  5:18  Siege Tank  
  24  5:21  SCV  
  24  5:24  Marine x2  
  27  5:38  SCV  
  25  6:15  Siege Tank  
  28  6:22  SCV  
  28  6:23  Factory  
  29  6:30  Command Center  
  29  6:34  SCV, Marine x2  
  29  6:36  Factory  
  32  6:46  SCV  
  33  6:58  SCV  
  34  7:10  SCV  
  35  7:16  Medivac  
  35  7:17  Medivac  
  35  7:22  SCV  
  40  7:24  Marine  
  41  7:34  SCV  
  42  7:46  SCV  
  43  7:59  SCV  
  44  8:08  Marine x2  
  44  8:11  SCV  
  47  8:18  Planetary Fortress  
  47  8:22  Refinery  
  47  8:23  SCV  
  48  8:27  Siege Tank  
  48  8:28  Siege Tank  
  48  8:29  Marine x2  
  48  8:32  Refinery  
  56  8:36  SCV  
  57  8:47  Marine  
  50  9:11  Viking x2  
  54  9:26  SCV x2  
  56  9:35  Marine x2  
  56  9:38  SCV  
  59  9:39  Missile Turret  
  59  9:49  SCV  
  60  9:53  Marine  
  60  9:59  Medivac  
  63  10:00  Medivac  
  63  10:03  SCV  
  66  10:12  Missile Turret  
  66  10:15  Missile Turret  
  54  10:59  SCV  
  54  11:00  SCV  
  56  11:12  SCV  
  56  11:15  Siege Tank x2  
  58  11:31  Marine  
  58  11:32  Marine  
  53  11:33  SCV  
  50  11:47  SCV  
  50  11:48  Factory  
  50  11:49  Factory, Marine x2  
  53  11:54  Starport Tech Lab  
  53  11:56  Command Center  
  53  11:59  Command Center  
  53  12:00  SCV  
  54  12:01  SCV  
  54  12:06  Missile Turret  
  58  12:12  SCV  
  58  12:14  SCV  
  57  12:21  Marine x2  
  59  12:24  SCV  
  60  12:38  Factory Tech Lab  
  60  12:39  Factory Tech Lab, Marine  
  60  12:40  SCV  
  62  12:45  Viking x2  
  66  12:53  SCV  
  66  12:54  SCV  
  68  13:05  SCV  
  69  13:15  Viking x2  
  73  13:22  SCV x2  
  75  13:27  Starport  
  75  13:45  Viking x2  
  80  13:48  Siege Tank x2  
  83  13:57  SCV x2  
  83  13:58  Bunker  
  82  14:15  Viking x2  
Show
View Real Time Build Order
Export as new Build Order

wabbajack Zerg - Winner!

Build Orders: Hatch First, Lurkers 

Get SALT Encoding   

  12  0:01  Drone  
  13  0:13  Overlord  
  13  0:17  Drone  
  14  0:22  Extractor  
  14  0:24  Drone  
  15  0:32  Drone  
  16  0:35  Drone  
  17  0:56  Hatchery  
  16  1:01  Drone x2  
  18  1:05  Extractor  
  17  1:23  Spawning Pool  
  17  1:25  Drone x2  
  18  1:30  Drone  
  19  1:42  Overlord  
  19  2:08  Drone  
  19  2:09  Drone  
  19  2:10  Zergling x2  
  19  2:12  Metabolic Boost  
  19  2:14  Queen x2  
  26  2:19  Drone  
  27  2:29  Drone x2  
  29  2:39  Drone x2  
  31  2:48  Drone  
  31  2:49  Overlord  
  31  2:50  Pneumatized Carapace  
  32  3:00  Extractor  
  32  3:02  Roach Warren  
  30  3:06  Drone  
  30  3:07  Drone x2  
  33  3:13  Drone  
  34  3:29  Zergling x4  
  34  3:30  Zergling x2  
  34  3:31  Zergling x2  
  34  3:32  Zergling x6  
  34  3:34  Zergling x6  
  43  3:40  Extractor  
  43  3:41  Zergling x2  
  44  3:45  Overlord  
  44  3:46  Overlord  
  45  4:05  Roach  
  45  4:06  Roach x6  
  45  4:09  Overlord  
  59  4:28  Spore Crawler  
  59  4:29  Spore Crawler x2  
  59  4:30  Lair  
  56  4:33  Spore Crawler  
  44  5:13  Drone  
  44  5:14  Drone x5, Spine Crawler  
  47  5:15  Drone  
  47  5:16  Spine Crawler  
  49  5:23  Spore Crawler  
  49  5:24  Spore Crawler  
  47  5:29  Drone  
  47  5:30  Drone  
  47  5:35  Hydralisk Den  
  46  5:55  Queen  
  46  5:56  Overlord x2  
  48  6:10  Hatchery  
  47  6:11  Lurker Den  
  47  6:20  Drone x5  
  47  6:22  Drone x6  
  58  6:39  Extractor  
  57  6:41  Extractor  
  56  6:54  Zergling x2  
  56  6:58  Zergling x2  
  56  6:59  Zergling x2  
  56  7:00  Zergling x2  
  56  7:01  Zergling x2  
  61  7:06  Baneling Nest  
  60  7:17  Drone x2  
  60  7:18  Drone x2  
  60  7:19  Drone x2  
  60  7:20  Drone x2  
  68  7:28  Drone  
  68  7:29  Drone x5  
  74  7:38  Overlord x2  
  74  7:49  Baneling  
  74  7:50  Baneling  
  74  7:51  Baneling  
  74  7:53  Overseer  
  74  7:55  Baneling  
  74  7:59  Baneling x4  
  63  9:37  Overlord  
  63  9:38  Overlord x5, Extractor  
  62  9:39  Extractor  
  62  9:41  Muscular Augments  
  61  9:47  Hydralisk x5, Roach x2  
  61  9:48  Evolution Chamber x2, Hydralisk x5, Roach x6  
  61  9:49  Infestation Pit, Roach x2  
  61  9:50  Overlord  
  61  9:51  Overlord x3  
  61  9:52  Overlord  
  98  10:17  Zerg Missile Weapons Level 1  
  98  10:20  Hatchery  
  97  10:21  Hatchery  
  97  10:23  Evolution Chamber  
  97  10:25  Spine Crawler  
  97  10:26  Drone  
  97  10:27  Drone x3  
  97  10:28  Drone x2  
  100  10:29  Drone x8  
  100  10:30  Drone  
  86  11:14  Hydralisk x4  
  86  11:15  Hydralisk x2  
  86  11:16  Hydralisk x4  
  86  11:17  Hydralisk x2  
  102  11:49  Drone  
  102  11:50  Drone x7  
  110  12:04  Drone x2  
  110  12:05  Drone x6  
  110  12:07  Drone x6  
  124  12:09  Queen  
  124  12:10  Queen, Extractor  
  124  12:14  Zerg Missile Weapons Level 2  
  127  12:16  Extractor  
  127  12:18  Zerg Ground Armor Level 1  
  126  12:26  Queen  
  128  12:39  Hive  
  128  12:42  Overlord x2, Spire  
  128  12:43  Hydralisk x6, Roach x2  
  128  12:44  Hydralisk x3, Roach x6  
  149  12:45  Roach  
  163  13:05  Spore Crawler  
  163  13:06  Spore Crawler, Spine Crawler x2  
  163  13:09  Spore Crawler  
  158  13:22  Overseer  
  158  13:24  Overseer  
  158  13:26  Overseer  
  158  13:40  Lurker x2  
  158  13:41  Lurker x8  
  168  13:58  Overlord  
  168  14:08  Corruptor x6  
  174  14:14  Zergling x2, Extractor  
  174  14:15  Zergling x22, Extractor  
Tags
 
Add a new tag
Caveats
  • Supply blocks, unpowered buildings, or Contaminate may cause inaccurate times.
  • Supply counts are checked every 10 seconds.